[ PARTIDA AOE2 · #473342296 ]
UnrankedMuiscas vs Magyars
Equipo del jugador · DERR
Equipo rival · VICT
[ ANÁLISIS DE REPETICIÓN · EXTRAÍDO DE LA PARTIDA GRABADA ]
Feudal
8:52
Castillos
—
Imperial
—
| APM promedio | 51.0 |
| APM pico | 81 |
| eAPM promedio | 17.7 |
| Aldeanos / militares | 24 / 4 |
Foco
⚔️ 41.5% · 🌾 58.5%
Archer ×3 · Unknown (2550) ×3 · Spearman ×1
Feudal
8:57
Castillos
—
Imperial
—
| APM promedio | 46.5 |
| APM pico | 76 |
| eAPM promedio | 15.2 |
| Aldeanos / militares | 25 / 5 |
Foco
⚔️ 27.8% · 🌾 72.2%
Scout Cavalry ×5
Mapa de la partida
Recursos iniciales + cada clic de construcción. Líneas = muros · curvas = relieve. ◆ oro · ⬟ piedra · ● bayas · ✦ reliquia · ◌ hueco del cierre
Tu base· Abierta — flanco sin cerrar
Base de YeetRonin· Abierta — flanco sin cerrar
Terreno inicial suavizado · ◌ = hueco del cierre detectado · pasá el cursor para detalles
Inputs por minuto
— CQ.Revenge - - YeetRonin
Build order — CQ.Revenge
70 acciones detectadas en el replay
| 0:00 | Crear | Villager (Male) |
| 0:00 | Crear | Villager (Male) |
| 0:00 | Crear | Villager (Male) |
| 0:01 | Crear | Villager (Male) |
| 0:02 | Construir | House |
| 0:03 | Construir | House |
| 1:24 | Crear | Villager (Male) |
| 1:56 | Crear | Villager (Male) |
| 2:30 | Crear | Villager (Male) |
| 2:31 | Crear | Villager (Male) |
| 2:32 | Crear | Villager (Male) |
| 2:59 | Crear | Villager (Male) |
| 3:26 | Crear | Villager (Male) |
| 3:26 | Crear | Villager (Male) |
| 3:26 | Crear | Villager (Male) |
| 3:39 | Construir | Settlement |
| 4:21 | Crear | Villager (Male) |
| 4:22 | Crear | Villager (Male) |
| 4:22 | Crear | Villager (Male) |
| 5:31 | Construir | Barracks |
| 5:50 | Crear | Villager (Male) |
| 6:05 | Investigar | Loom |
| 6:17 | Crear | Villager (Male) |
| 6:40 | Investigar | Feudal Age |
| 6:40 | Investigar | Feudal Age |
| 7:02 | Crear | Unit 2550 |
| 7:28 | Crear | Unit 2550 |
| 7:39 | Construir | Settlement |
| 7:44 | Construir | House |
| 7:54 | Crear | Unit 2550 |
| 8:18 | Construir | Palisade Wall |
| 8:41 | Investigar | Loom |
| 8:52 | Edad | Edad Feudal |
| 9:13 | Investigar | Double-Bit Axe |
| 9:16 | Crear | Villager (Male) |
| 9:23 | Construir | Archery Range |
| 9:32 | Crear | Villager (Male) |
| 9:34 | Construir | House |
| 9:36 | Construir | House |
| 9:37 | Construir | Palisade Wall |
| 9:59 | Investigar | Tech 1402 |
| 10:12 | Construir | Palisade Wall |
| 10:15 | Construir | Palisade Wall |
| 10:16 | Construir | Palisade Wall |
| 10:17 | Construir | Palisade Wall |
| 10:17 | Construir | Palisade Wall |
| 10:20 | Construir | Farm |
| 10:24 | Crear | Villager (Male) |
| 10:24 | Crear | Villager (Male) |
| 10:35 | Construir | Palisade Wall |
| 10:37 | Construir | Palisade Wall |
| 10:38 | Construir | Palisade Wall |
| 10:48 | Construir | Farm |
| 10:49 | Construir | Farm |
| 10:51 | Crear | Archer |
| 10:57 | Crear | Villager (Male) |
| 10:59 | Construir | Farm |
| 11:29 | Construir | Farm |
| 11:31 | Crear | Spearman |
| 11:35 | Construir | Farm |
| 11:46 | Crear | Archer |
| 11:53 | Construir | Palisade Wall |
| 11:54 | Construir | Palisade Wall |
| 12:03 | Construir | Palisade Wall |
| 12:06 | Construir | Palisade Wall |
| 12:07 | Construir | Palisade Wall |
| 12:15 | Crear | Villager (Male) |
| 12:18 | Construir | Settlement |
| 12:21 | Construir | Farm |
| 12:22 | Crear | Archer |
Build order — YeetRonin
54 acciones detectadas en el replay
| 0:00 | Crear | Villager (Male) |
| 0:01 | Crear | Villager (Male) |
| 0:02 | Construir | House |
| 0:03 | Construir | House |
| 0:23 | Crear | Villager (Male) ×2 |
| 1:25 | Crear | Villager (Male) |
| 1:56 | Crear | Villager (Male) |
| 1:58 | Construir | Lumber Camp |
| 2:30 | Crear | Villager (Male) |
| 2:55 | Crear | Villager (Male) |
| 3:14 | Crear | Villager (Male) |
| 3:38 | Crear | Villager (Male) |
| 3:38 | Crear | Villager (Male) |
| 3:51 | Construir | House |
| 4:13 | Crear | Villager (Male) |
| 4:13 | Crear | Villager (Male) |
| 4:33 | Crear | Villager (Male) |
| 4:56 | Crear | Villager (Male) |
| 5:00 | Construir | Mill |
| 6:02 | Investigar | Loom |
| 6:29 | Investigar | Feudal Age |
| 6:57 | Construir | House |
| 7:32 | Crear | Villager (Male) |
| 7:50 | Construir | Barracks |
| 8:05 | Construir | Palisade Wall |
| 8:57 | Edad | Edad Feudal |
| 9:05 | Construir | Stable |
| 9:19 | Crear | Villager (Male) |
| 9:24 | Investigar | Double-Bit Axe |
| 9:31 | Crear | Villager (Male) |
| 9:37 | Construir | House |
| 9:40 | Construir | Palisade Wall |
| 9:41 | Construir | Palisade Wall |
| 9:43 | Crear | Villager (Male) |
| 9:49 | Crear | Villager (Male) |
| 9:50 | Crear | Scout Cavalry |
| 9:50 | Crear | Scout Cavalry |
| 10:06 | Crear | Villager (Male) |
| 10:19 | Crear | Villager (Male) |
| 10:21 | Construir | Farm |
| 10:26 | Crear | Scout Cavalry |
| 10:30 | Investigar | Horse Collar |
| 10:44 | Construir | Farm |
| 10:51 | Construir | House |
| 11:16 | Crear | Villager (Male) |
| 11:22 | Crear | Villager (Male) |
| 11:29 | Crear | Scout Cavalry |
| 11:30 | Construir | House |
| 11:44 | Construir | Farm |
| 11:47 | Construir | Farm |
| 11:48 | Construir | Farm |
| 11:57 | Construir | House |
| 12:00 | Crear | Scout Cavalry |
| 12:39 | Crear | Villager (Male) |
Cronología de la partida
| 5:31 | CQ.Revenge · first_building Barracks |
| 7:50 | YeetRonin · first_building Barracks |
| 8:05 | YeetRonin · wall_segment Palisade Wall x1 |
| 8:18 | CQ.Revenge · wall_segment Palisade Wall x1 |
| 8:52 | CQ.Revenge · age_up feudal |
| 8:57 | YeetRonin · age_up feudal |
| 9:05 | YeetRonin · first_building Stable |
| 9:23 | CQ.Revenge · first_building Archery Range |
| 9:37 | CQ.Revenge · wall_segment Palisade Wall x3 |
| 9:40 | YeetRonin · wall_segment Palisade Wall x8 |
| 9:41 | YeetRonin · wall_segment Palisade Wall x3 |
| 10:12 | CQ.Revenge · wall_segment Palisade Wall x3 |
| 10:15 | CQ.Revenge · wall_segment Palisade Wall x1 |
| 10:16 | CQ.Revenge · wall_segment Palisade Wall x1 |
| 10:17 | CQ.Revenge · wall_segment Palisade Wall x1 |
| 10:17 | CQ.Revenge · wall_segment Palisade Wall x1 |
| 10:35 | CQ.Revenge · wall_segment Palisade Wall x1 |
| 10:37 | CQ.Revenge · wall_segment Palisade Wall x1 |
| 10:38 | CQ.Revenge · wall_segment Palisade Wall x1 |
| 11:53 | CQ.Revenge · wall_segment Palisade Wall x1 |
| 11:54 | CQ.Revenge · wall_segment Palisade Wall x1 |
| 12:03 | CQ.Revenge · wall_segment Palisade Wall x1 |
| 12:06 | CQ.Revenge · wall_segment Palisade Wall x1 |
| 12:07 | CQ.Revenge · wall_segment Palisade Wall x1 |
| 12:44 | CQ.Revenge · resign |
[ ANÁLISIS IA · 1 CRÉDITO ]
¿Qué pasó realmente en esta partida?
Wolo.gg analiza cada decisión: build order, eco, micro, errores típicos por bracket. Análisis personalizado por WhatsApp o Discord en 30 segundos.
Guía civ
Muiscas
Perfil
Jugador #646085